Cogmind - Beta 10.2 @@@ ROGUE MODE // 2021.10.30 @ 21:47:55 Player: Burgers_Lettuce Result: Destroyed by P-60 Hacker with Shock Rifle Performance ------------- Evolutions (3) 1500 Regions Visited (8) 1600 Robots Destroyed (53) 265 Value Destroyed (1249) 1249 Prototype IDs (4) 80 Alien Tech Used (0) 0 Bonus (427) 427 TOTAL SCORE: 5121 Bonus ------- Follower Combat Kills 127 Aligned with FarCom 300 Cogmind --------- Core Integrity 0/700 Matter 105/300 Energy 160/160 System Corruption 1% Temperature Cool (0) Movement Treading (180) Ox1 Location -7/Factory Parts ------- > --- POWER (2) -------- Light Nuclear Core > --- PROPULSION (2) --- Light Treads VTOL Module > --- UTILITY (6) ------ Improved Cooling System Disposable Heat Sink Medium Storage Unit Core Analyzer ECM Suite Hacking Suite > --- WEAPON (3) ------- Advanced Assault Cannon Heavy Mace > --- INVENTORY (8) ---- Improved Cooling System Small Storage Unit Pulse Rifle High-powered Shotgun Peak State ------------ > --- POWER ------------ Light Ion Engine > --- PROPULSION ------- Armored Treads Wheel > --- UTILITY ---------- Improved Heat Sink Disposable Heat Sink Small Storage Unit Melee Analysis Suite Thief Drone Bay > --- WEAPON ----------- YOLO Cannon High-powered Shotgun > --- INVENTORY -------- Light Treads Aluminum Leg ECM Suite Pulse Rifle Ion Cannon Rocket Launcher [Rating: 45] Favorites ----------- Power Ion Engine Engine Ion Engine Power Core Light Nuclear Core Propulsion Wheel Treads Light Treads Leg Aluminum Leg Wheel Wheel Flight Unit VTOL Module Utility Small Storage Unit Device Disposable Heat Sink Storage Small Storage Unit Processor Core Analyzer Hackware Hacking Suite Weapon Shotgun Energy Gun EM Shotgun Energy Cannon YOLO Cannon Ballistic Gun Shotgun Ballistic Cannon Advanced Assault Cannon Launcher Rocket Launcher Impact Weapon Heavy Mace Build | -11 -10 -10 -9 -9 -9 -8 -8 -7 ------- Run | Scr Mat Min Mat Min Exi Min Mat Fac Slots Evolved 6 | . . . 2 . . . 2 2 Power 1 | . . . . . . . . 1 Propulsion . | . . . . . . . . . Utility 4 | . . . 2 . . . 1 1 Weapon 1 | . . . . . . . 1 . Parts Attached 66 | 6 3 3 6 4 4 1 11 28 Power 10 | 1 . 2 . . . 1 2 4 Engine 8 | 1 . 2 . . . 1 2 2 Core 2 | . . . . . . . . 2 Reactor . | . . . . . . . . . Propulsion 17 | 2 . . . 3 . . 2 10 Treads 10 | 1 . . . 1 . . 1 7 Leg 3 | . . . . 2 . . . 1 Wheel 3 | 1 . . . . . . 1 1 Hover . | . . . . . . . . . Flight 1 | . . . . . . . . 1 Utility 16 | 1 1 1 2 1 . . 5 5 Device 9 | . 1 1 2 1 . . 1 3 Storage 3 | 1 . . . . . . 1 1 Processor 2 | . . . . . . . 1 1 Hackware 2 | . . . . . . . 2 . Protection . | . . . . . . . . . Artifact . | . . . . . . . . . Weapon 23 | 2 2 . 4 . 4 . 2 9 Energy Gun 4 | . . . 1 . 1 . . 2 Energy Cannon 3 | . . . . . 2 . 1 . Ballistic Gun 9 | 2 2 . 3 . 1 . 1 . Ballistic Cannon 2 | . . . . . . . . 2 Launcher 2 | . . . . . . . . 2 Special Weapon . | . . . . . . . . . Impact Weapon 3 | . . . . . . . . 3 Slashing Weapon . | . . . . . . . . . Piercing Weapon . | . . . . . . . . . Special Melee Weapon . | . . . . . . . . . Unidentified Prototypes 4 | . . 1 1 . 1 . . 1 Parts Lost 21 | . . 1 . 4 . . 1 15 Power 6 | . . 1 . 1 . . . 4 Propulsion 6 | . . . . 2 . . . 4 Utility 4 | . . . . 1 . . 1 2 Weapon 5 | . . . . . . . . 5 Highest Loss Streak 6 | . . 1 . 2 . . 1 6 Average Slot Usage (%) 89 | . 85 99 95 92 81 80 89 88 Engine 10 | . 14 13 11 7 . 3 9 12 Treads 8 | . 14 14 11 8 . . 8 7 Leg 2 | . . . . 5 22 22 . . Wheel 8 | . 14 14 11 7 . . 9 5 Device 20 | . . 14 28 30 33 33 22 20 Storage 10 | . 14 14 11 11 11 11 11 6 Processor 1 | . . . . . . . . 3 Hackware 4 | . . . . . . . 10 9 Energy Gun 2 | . . . 10 11 4 . . 2 Energy Cannon 4 | . . . . . 5 11 10 4 Ballistic Gun 10 | . 28 28 11 11 5 . 6 . Impact Weapon 2 | . . . . . . . . 8 Naked Turns . | . . . . . . . . . Heaviest Build 40 | 12 16 19 25 25 28 31 37 40 Greatest Support 42 | 10 10 10 10 20 20 20 20 42 Greatest Overweight (x) 3 | 1 1 1 2 2 1 1 3 3 Average Overweight (x) 1 | . . 1 1 1 . 1 2 2 Largest Inventory Capacity 8 | 6 6 6 6 6 6 6 8 8 Average Capacity 6 | 5 6 6 6 6 6 6 6 7 Most Carried 8 | 6 6 6 6 6 6 6 7 8 Average Carried 5 | 4 6 5 5 5 6 6 6 5 Final Capacity 8 | 6 6 6 6 6 6 6 6 8 Final Carried 6 | 6 6 6 6 6 6 6 6 4 Class Distribution -------------------- 71% | Mutant 12% | Hacker-Skirmisher 10% | Skirmisher 5% | Scavenger-Mutant Dominant Class ---------------- Mutant | -10/Materials Mutant | -10/Mines Mutant | -9/Materials Mutant | -9/Mines Mutant | -9/Exiles Mutant | -8/Mines Skirmisher | -8/Materials Mutant | -7/Factory Resources | -11 -10 -10 -9 -9 -9 -8 -8 -7 ----------- Run | Scr Mat Min Mat Min Exi Min Mat Fac Matter Collected 1061 | 191 113 245 58 129 . 12 120 193 Remotely . | . . . . . . . . . Salvage Created 1390 | . 113 150 78 262 . 5 387 395 Parts 83 | . 5 12 7 20 . 3 14 22 Haulers Intercepted 1 | . . . . . . . . 1 Recyclers Shooed . | . . . . . . . . . Parts Field Recycled . | . . . . . . . . . Retrieved Matter . | . . . . . . . . . Parts Self-Destructed . | . . . . . . . . . Prevented . | . . . . . . . . . Kills | -11 -10 -10 -9 -9 -9 -8 -8 -7 ------- Run | Scr Mat Min Mat Min Exi Min Mat Fac Combat Hostiles Destroyed 41 | . 3 8 3 8 . 2 8 9 Melee 2 | . . . . . . . . 2 Guns 23 | . 3 8 3 7 . . 1 1 Cannons 3 | . . . . . . . 1 2 AOE 12 | . . . . 1 . 2 6 3 Classes Destroyed 9 | . 1 1 1 1 . . 2 3 Worker 3 | . . . . 1 . . 1 1 Builder 3 | . . . . . . . . 3 Hauler 1 | . . . . . . . . 1 Recycler 4 | . . . . . . . 3 1 Watcher 1 | . . . 1 . . . . . Swarmer 21 | . . 6 3 4 . 2 3 3 Grunt 16 | . 3 2 . 4 . . 3 4 Sentry 3 | . . . . . . . 2 1 Programmer 1 | . . . . . . . . 1 Best Kill Streak 7 | . 2 3 3 4 . 2 6 7 Combat Bots Only 4 | . 2 3 3 4 . 2 3 4 Max Kills in Single Turn 3 | . 1 1 1 2 . 2 3 2 Gunslinging . | . . . . . . . . . Exploded 2 | . . . . 1 . 2 2 2 Melee 1 | . . . . . . . . 1 Uniques/NPCs Destroyed . | . . . . . . . . . Combat | -11 -10 -10 -9 -9 -9 -8 -8 -7 -------- Run | Scr Mat Min Mat Min Exi Min Mat Fac Damage Taken 2994 | . 90 315 99 418 . 141 442 1489 Core 602 | . 23 10 8 107 . 8 95 351 Absorbed by Shields . | . . . . . . . . . Core Remaining (%) 84 | 100 . 86 . . . 69 82 . Volleys Fired 81 | . 7 21 7 17 . 1 11 17 Largest 2 | . 2 2 2 2 . 1 2 2 Hottest 175 | . 46 46 68 68 . 100 175 175 Shots Fired 140 | . 14 41 14 33 . 1 17 20 Gun 111 | . 14 41 14 33 . . 5 4 Cannon 24 | . . . . . . 1 12 11 Launcher 5 | . . . . . . . . 5 Special . | . . . . . . . . . Kinetic 94 | . 14 41 7 17 . . 5 10 Thermal 18 | . . . . . . 1 12 5 Explosive 5 | . . . . . . . . 5 Electromagnetic 23 | . . . 7 16 . . . . Robot Hit Streak 9 | . 8 5 8 6 . . 2 9 Robot Miss Streak 8 | . 2 4 8 7 . . 4 2 Penetration Max . | . . . . . . . . . Secondary Targets 4 | . . 2 1 1 . . . . Max Gunslinging Chain 1 | . . 1 1 1 . . . . Shots Hit Robots 104 | . 12 31 6 23 . . 4 28 Core Hits 77 | . 7 11 4 17 . 2 14 22 Critical Hits 1 | . . . . . . . 1 . Critical Kills 1 | . . . . . . . 1 . Critical Parts Destroyed . | . . . . . . . . . Melee Attacks 25 | . . . . . . . . 25 Impact 25 | . . . . . . . . 25 Slashing . | . . . . . . . . . Piercing . | . . . . . . . . . Sneak Attacks 1 | . . . . . . . . 1 Combat Hostiles . | . . . . . . . . . Follow-up Attacks 2 | . . . . . . . . 2 Damage Inflicted 4839 | . 154 310 97 382 . 295 2069 1532 Guns 902 | . 154 310 97 283 . . 18 40 Cannons 812 | . . . . . . . 583 229 Explosions 2688 | . . . . 99 . 295 1468 826 Melee 437 | . . . . . . . . 437 Ramming . | . . . . . . . . . Kinetic 862 | . 154 310 12 139 . . 18 229 Thermal 2783 | . . . . 99 . 295 2051 338 Explosive 528 | . . . . . . . . 528 Electromagnetic 229 | . . . 85 144 . . . . Impact 437 | . . . . . . . . 437 Slashing . | . . . . . . . . . Piercing . | . . . . . . . . . Highest Corruption 4 | . 4 4 . . . . 2 1 Average Corruption 2 | . 3 4 . . . . 2 1 Corruption Purged . | . . . . . . . . . Effects 23 | . 4 13 . . . . 3 3 Message Errors 5 | . . 3 . . . . . 2 Matter Fused 4 | . 3 1 . . . . . . Heat Flow Errors 3 | . . 2 . . . . 1 . Energy Discharges 5 | . 1 1 . . . . 2 1 Parts Rejected 1 | . . 1 . . . . . . Data Loss (minor) 2 | . . 2 . . . . . . Targeting Errors 2 | . . 2 . . . . . . Weapon Failures 1 | . . 1 . . . . . . Overload Shots . | . . . . . . . . . Overflow Damage 696 | . . . . . . 35 511 150 Projectiles 310 | . . . . . . . 310 . Explosions 283 | . . . . . . 35 201 47 Melee 103 | . . . . . . . . 103 Knockbacks 9 | . . . . . . . . 9 Impact 4 | . . . . . . . . 4 Kinetic 3 | . . . . . . . . 3 Secondary 2 | . . . . . . . . 2 Self-Inflicted Damage 454 | . . . . 37 . . 194 223 Shots 8 | . . . . 1 . . 4 3 Rammed . | . . . . . . . . . Targets Rammed . | . . . . . . . . . Kicked . | . . . . . . . . . Crushed . | . . . . . . . . . Highest Temperature 297 | . 1 182 . 29 . . 297 52 Average Temperature 64 | . 1 55 . 13 . . 120 35 Received Heat Transfer 813 | . 48 54 9 156 . . 81 465 Siege Activations . | . . . . . . . . . Robots Corrupted . | . . . . . . . . . Combat Hostiles . | . . . . . . . . . Parts Fried 2 | . . . 1 . . . . 1 Impact Corruptions 4 | . . . . . . . . 4 Robots Melted . | . . . . . . . . . Combat Hostiles . | . . . . . . . . . Parts Melted 1 | . . . . . . . 1 . Heat Transferred 2391 | . . . . 50 . 240 1877 224 Parts Sabotaged . | . . . . . . . . . Parts Stolen . | . . . . . . . . . Parts Stripped . | . . . . . . . . . Power Chain Reactions 1 | . . . . 1 . . . . Missiles Intercepted . | . . . . . . . . . Alert | -11 -10 -10 -9 -9 -9 -8 -8 -7 ------- Run | Scr Mat Min Mat Min Exi Min Mat Fac Peak Influence 396 | . 78 185 197 396 . 101 291 323 Initial 116 | . . 25 19 76 . . 39 116 Average 113 | . 37 119 78 241 . 72 145 73 Maximum Alert Level 1 | . . . . 1 . . 1 1 Low Security (%) 84 | 100 100 100 100 39 . 100 76 92 Level 1 15 | . . . . 60 . . 23 7 Level 2 . | . . . . . . . . . Level 3 . | . . . . . . . . . Level 4 . | . . . . . . . . . Level 5 . | . . . . . . . . . High Security . | . . . . . . . . . Max Security . | . . . . . . . . . Squads Dispatched 8 | . 2 . 1 . . . 2 3 Investigation . | . . . . . . . . . Extermination 2 | . . . . . . . . 2 Reinforcement 6 | . 2 . 1 . . . 2 1 Assault . | . . . . . . . . . Garrison . | . . . . . . . . . Intercept . | . . . . . . . . . Construction Impeded 1 | . . . . . . . . 1 Haulers Reinforced . | . . . . . . . . . Stealth | -11 -10 -10 -9 -9 -9 -8 -8 -7 --------- Run | Scr Mat Min Mat Min Exi Min Mat Fac Distress Signals 6 | . 2 . . . . . 1 3 Communications Jammed . | . . . . . . . . . Distress Signals . | . . . . . . . . . Times Spotted 86 | . 8 10 10 13 . 5 18 22 Peak Tracking Total 8 | . 3 3 5 4 . 4 5 8 Tactical Retreats 15 | . 1 1 1 2 . 2 4 4 Traps | -11 -10 -10 -9 -9 -9 -8 -8 -7 ------- Run | Scr Mat Min Mat Min Exi Min Mat Fac Traps Triggered 4 | . 2 . . . . . 1 1 Indirectly . | . . . . . . . . . Trap Hack Attempts . | . . . . . . . . . Triggered . | . . . . . . . . . Disarmed . | . . . . . . . . . Reprogrammed . | . . . . . . . . . Reused . | . . . . . . . . . Traps Extracted . | . . . . . . . . . Installed . | . . . . . . . . . Triggered 1 | . . . . 1 . . . . Exploded 1 | . . . . . 1 . . . Machines | -11 -10 -10 -9 -9 -9 -8 -8 -7 ---------- Run | Scr Mat Min Mat Min Exi Min Mat Fac Machines Disabled 5 | . . . . . . . 2 3 Max in Single Turn 1 | . . . . . . . 1 1 Machines Sabotaged . | . . . . . . . . . Garrisons Compromised . | . . . . . . . . . Overloaded Fab Kills . | . . . . . . . . . Fab Network Shutdowns . | . . . . . . . . . Hacking | -11 -10 -10 -9 -9 -9 -8 -8 -7 --------- Run | Scr Mat Min Mat Min Exi Min Mat Fac Machines Accessed 15 | . 3 1 2 . . . 3 6 Terminals 12 | . 3 . 2 . . . 2 5 Fabricators 1 | . . . . . . . . 1 Repair Stations . | . . . . . . . . . Recycling Units . | . . . . . . . . . Scanalyzers 1 | . . . . . . . 1 . Garrison Access . | . . . . . . . . . Total Hacks 40 | . 7 1 7 . . . 6 19 Successful 23 | . 3 1 5 . . . 5 9 Failed 17 | . 4 . 2 . . . 1 10 Catastrophic 3 | . 2 . . . . . . 1 Database Lockouts . | . . . . . . . . . Manual 28 | . 6 . 6 . 1 . 3 12 Terminals 35 | . 7 . 7 . . . 4 17 Fabricators 2 | . . . . . . . . 2 Repair Stations . | . . . . . . . . . Recycling Units . | . . . . . . . . . Scanalyzers 2 | . . . . . . . 2 . Garrison Access . | . . . . . . . . . Terminal Hacks 12 | . 1 1 4 . . . 1 5 Record 1 | . . . . . . . . 1 Open Door 1 | . . 1 . . . . . . Branch Access Points 2 | . . . 1 . . . . 1 Emergency Access Points 2 | . 1 . . . . . 1 . Terminal Index 2 | . . . 1 . . . . 1 Alert Level 1 | . . . 1 . . . . . Unreport Threat 1 | . . . . . . . . 1 Coupling Status 1 | . . . . . . . . 1 Recall Reinforcements 1 | . . . 1 . . . . . Fabricator Hacks 1 | . . . . . . . . 1 Load Schematic 1 | . . . . . . . . 1 Repair Station Hacks . | . . . . . . . . . Recycling Unit Hacks . | . . . . . . . . . Scanalyzer 2 | . . . . . . . 2 . Insert Component 1 | . . . . . . . 1 . Analyze 1 | . . . . . . . 1 . Garrison Access Hacks . | . . . . . . . . . Unauthorized Hacks 8 | . 2 . 1 . . . 2 3 Terminals 8 | . 2 . 1 . . . 2 3 Botnet 7 | . 2 . 1 . . . 2 2 Operators 1 | . . . . . . . . 1 Fabricators . | . . . . . . . . . Repair Stations . | . . . . . . . . . Recycling Units . | . . . . . . . . . Scanalyzers . | . . . . . . . . . Garrison Access . | . . . . . . . . . Data Cores Recovered . | . . . . . . . . . Used . | . . . . . . . . . Hacking Detections 12 | . 3 . 1 . . . 2 6 Full Trace Events . | . . . . . . . . . Feedback Events . | . . . . . . . . . Feedback Blocked . | . . . . . . . . . Robot Schematics Acquired . | . . . . . . . . . Robots Built . | . . . . . . . . . Matter . | . . . . . . . . . Time . | . . . . . . . . . Total Robot Build Rating . | . . . . . . . . . Part Schematics Acquired 1 | . . . . . . . 1 . Parts Built . | . . . . . . . . . Matter . | . . . . . . . . . Time . | . . . . . . . . . Total Part Build Rating . | . . . . . . . . . Parts Repaired . | . . . . . . . . . Time . | . . . . . . . . . Parts Recycled . | . . . . . . . . . Recycled Matter . | . . . . . . . . . Retrieved Matter . | . . . . . . . . . Retrieved Components . | . . . . . . . . . Parts Scanalyzed 1 | . . . . . . . 1 . Part Schematics Acquired 1 | . . . . . . . 1 . Parts Damaged . | . . . . . . . . . Bothacking | -11 -10 -10 -9 -9 -9 -8 -8 -7 ------------ Run | Scr Mat Min Mat Min Exi Min Mat Fac Used RIF Installer . | . . . . . . . . . Robots Hacked . | . . . . . . . . . Non-combat . | . . . . . . . . . Combat . | . . . . . . . . . Robot Hacks Applied . | . . . . . . . . . Relay Couplers Released . | . . . . . . . . . Robots Rewired . | . . . . . . . . . Allies Hacked . | . . . . . . . . . Hacks Repelled . | . . . . . . . . . Allies | -11 -10 -10 -9 -9 -9 -8 -8 -7 -------- Run | Scr Mat Min Mat Min Exi Min Mat Fac Total Allies 2 | . . . . 2 . . . . Largest Group 2 | . . . . 2 2 . . . Highest-Rated Group 49 | . . . . 49 49 . . . Highest-Rated Ally 31 | . . . . 31 31 . . . Total Orders 8 | . . 7 . . . . 1 . EXPLORE 4 | . . 4 . . . . . . RETURN 4 | . . 3 . . . . 1 . Ally Attacks 22 | . . 1 . 10 . 7 4 . Total Damage 194 | . . . . 148 . 20 26 . Kills 5 | . . . . 3 . 1 1 . Allies Corrupted . | . . . . . . . . . Allies Melted . | . . . . . . . . . Intel | -11 -10 -10 -9 -9 -9 -8 -8 -7 ------- Run | Scr Mat Min Mat Min Exi Min Mat Fac Robot Analysis Total . | . . . . . . . . . Derelict Logs Recovered 4 | . . 2 . 2 . . . . Drone Launches 8 | . . 2 . . . 3 3 . Drone Recoveries 8 | . . 2 . . . 3 3 . Exploration | -11 -10 -10 -9 -9 -9 -8 -8 -7 ------------- Run | Scr Mat Min Mat Min Exi Min Mat Fac Turns Passed 4396 | 59 484 536 246 496 334 69 1023 1149 Spaces Moved 2818 | 52 270 403 205 401 243 34 522 688 Core 1 | 1 . . . . . . . . Treads 86 | . . . . 2 . . . 84 Legs 374 | . . . . 95 243 34 2 . Wheels 2357 | 51 270 403 205 304 . . 520 604 Hover . | . . . . . . . . . Flight . | . . . . . . . . . Fastest Speed 50 | 50 80 90 90 90 120 150 100 100 Average Speed 106 | 85 89 90 98 102 134 150 109 114 Slowest Speed 180 | 90 90 90 100 160 150 150 150 180 Overloaded Moves . | . . . . . . . . . Propulsion Burnouts . | . . . . . . . . . Robots Hopped . | . . . . . . . . . Cave-ins Triggered . | . . . . . . . . . Exploration Rate (%) 39 | 3 45 98 18 66 61 9 36 15 Regions Visited 8 Branch Regions 4 Pre-discovered Areas 1 | . . 1 . . . . . . Known Exits Taken 3 | . . 1 1 . . 1 . . Unknown Exits Taken 5 | 1 1 . . 1 1 . 1 . Scrap Searched 1 | . . . . 1 . . . . Spaces Dug 35 | . . . . . . 18 15 2 Terrain Destroyed 227 | . . . . 1 . 18 135 73 Melee 2 | . . . . . . . . 2 Projectile 7 | . . . . . . 1 6 . AOE 218 | . . . . 1 . 17 129 71 Terrain Rammed . | . . . . . . . . . Walls Destroyed . | . . . . . . . . . Machines Disabled . | . . . . . . . . . Actions | -11 -10 -10 -9 -9 -9 -8 -8 -7 --------- Run | Scr Mat Min Mat Min Exi Min Mat Fac Total 3993 | 63 497 535 235 451 251 49 933 979 Wait 963 | . 214 101 10 29 . 14 384 211 Move 2810 | 51 269 402 204 400 242 33 521 688 Hop . | . . . . . . . . . Pick Up 16 | 6 1 4 2 . . . . 3 Fast Attach 46 | 6 3 2 6 3 4 1 7 14 Attach 14 | . . 1 . 1 . . 1 11 Detach 11 | . . . . 1 . . 2 8 Swap 6 | . . . . . . . 3 3 Drop 26 | . 3 4 6 . 5 . 4 4 Fire 81 | . 7 21 7 17 . 1 11 17 Melee 20 | . . . . . . . . 20 Ram . | . . . . . . . . . Kick . | . . . . . . . . . Crush . | . . . . . . . . . Escape Stasis . | . . . . . . . . . Rewire . | . . . . . . . . . Trap . | . . . . . . . . . Miscellaneous . | . . . . . . . . . Route ------- -11/Scrapyard -10/Materials -10/Mines (discovered 2 exits: *Mat x2) -9/Materials (discovered 2 exits: *Min x2) -9/Mines (discovered 3 exits: *Mat x2 / *Exi) -9/Exiles (discovered 2 exits: [*Min x2]) -8/Mines -8/Materials -7/Factory (discovered 2 exits: Low x2) History --------- Turn | Location | Event 14 | -11/Scrapyard | Discovered new exit (range 16) 60 | -11/Scrapyard | Entered Materials 308 | -10/Materials | Build established: Mutant 533 | -10/Materials | Discovered new exit (range 12) 544 | -10/Materials | Entered Mines 769 | -10/Mines | A weapon hastily lodged in a ceiling crevice suddenly fell to the ground 792 | -10/Mines | Identified exit to Materials 815 | -10/Mines | Found the Drone Emporium 818 | -10/Mines | Found Prototype Device 818 | -10/Mines | Identified Thief Drone Bay 846 | -10/Mines | Discovered exit to Materials (range 61) 993 | -10/Mines | Received a Rocket Launcher from a helpful Derelict 1080 | -10/Mines | Entered Materials 1080 | -9/Materials | Evolved 2 slots: Utility x2 1235 | -9/Materials | Identified exit to Mines 1326 | -9/Materials | Entered Mines 1336 | -9/Mines | Learned Materials stockpile data 1471 | -9/Mines | Identified exit to Materials 1494 | -9/Mines | Discovered exit to Materials (range 5) 1800 | -9/Mines | Deemed a non-threat by the Exiles lab entrance 1802 | -9/Mines | Discovered new exit (range 5) 1822 | -9/Mines | Entered Exiles 1822 | -9/Exiles | Accompanied by 2 allies 1840 | -9/Exiles | Discovered new exit (range 15) 1852 | -9/Exiles | Led the pair of lost Derelicts to a safe place 1855 | -9/Exiles | Met 8R-AWN 1872 | -9/Exiles | Met EX-HEX 1908 | -9/Exiles | Met EX-BIN 1922 | -9/Exiles | Aligned with FarCom system 1923 | -9/Exiles | Given EX-Vault access code 1954 | -9/Exiles | Opened EX-Vault 1960 | -9/Exiles | Found Prototype Energy Cannon 1960 | -9/Exiles | Identified YOLO Cannon 2011 | -9/Exiles | Warned to stay clear of 0b10 Research branches 2019 | -9/Exiles | Exiles lab attacked by MAIN.C 2134 | -9/Exiles | Discovered new exit (range 12) 2156 | -9/Exiles | Left Exiles lab with YOLO Cannon 2156 | -9/Exiles | Entered Mines 2212 | -8/Mines | Discovered exit to Materials (range 9) 2225 | -8/Mines | Entered Materials 2225 | -8/Materials | Evolved 2 slots: Utility x1, Weapon x1 2565 | -8/Materials | Build established: Skirmisher 3231 | -8/Materials | Discovered new exit (range 16) 3248 | -8/Materials | Entered Factory 3248 | -7/Factory | Evolved 2 slots: Power x1, Utility x1 3297 | -7/Factory | Build established: Hacker-Skirmisher 3565 | -7/Factory | Core integrity fell below 50% 3589 | -7/Factory | Lost 6 parts (1p1n2u2w) 3972 | -7/Factory | Identified exit to Lower Caves 4060 | -7/Factory | Build established: Mutant 4245 | -7/Factory | Lost 3 parts (2p1n) 4310 | -7/Factory | Core integrity fell below 20% 4365 | -7/Factory | Lost 6 parts (1p2n3w) 4397 | -7/Factory | Destroyed by P-60 Hacker with Shock Rifle Last Messages --------------- 04361_ U-05 Engineer builds a Wall. 04362_ K-01 Serf collects debris. 04363_ U-05 Engineer builds a Wall. 04364_ R-06 Scavenger collects VTOL Module. 04365_ K-01 Serf collects debris. 04366_ U-05 Engineer lays Concrete. 04367_ K-01 Serf collects debris. 04367_ U-05 Engineer builds a Wall. 04367_ K-01 Serf collects debris. 04368_ U-05 Engineer builds a Wall. 04369_ U-05 Engineer lays Concrete. 04369_ Acquired Lgt. Nuclear Core. 04370_ U-05 Engineer lays Concrete. 04371_ R-06 Scavenger collects Terrain Scanner. 04372_ U-05 Engineer lays Concrete. 04372_ Acquired VTOL Module. 04373_ U-05 Engineer builds a Wall. 04374_ Acquired 6 matter. 04376_ U-05 Engineer lays Concrete. 04376_ R-06 Scavenger collects Sml. Matter Pod. Map ----- +----------------------------------------------------+ | ????????????????????? ?????????????????????????? | | ???????????????+#??? ????????????????????????? | | ????????????### #### ????????????????????????? | | ????????????# #???????????????????????? | | ????????????# +???????????????????????? | | ????????????# ????????????????????????? | | ############# ?????????????????????????? | | # ????????????????????????????? | | """ # #??????????????????????????????? | | """"" # #??????????????????????????????? | | """"" + #??????????????????????????????? | | # #??????????????????????????????? | | """ + #??????????????????????????????? | | """"" # #??????????????????????????????? | | """"" # #??????????????????????????????? | | =## ##??????????????????????????????? | | ## #???##########??????????????????? | | "Y" ## s#???# #??????????????????? | | """ ## #?###!! #??????????????????? | | ##+########### #?# #!! #??????????????????? | | ?# #?? """"??# #?# # #??????????????????? | | ?# # """"" # ### # % #??????????????????? | | ?# # """ + ##* # u #??????????????????? | | ?# # # ## ## % u #??????????????????? | | ?# # + ## # #??????????????????? | | ?# ############ ######% @ p #??????????????????? | | ## ##?????????# #??# ########+###############????? | | # #?????????# #??# % %# ???? | | #????###### #??### # % ???? | | # #????# # ## #???###### ???? | | ##+####### " #??## # # ???? | | ## """""#### # h w ???? | | " # " # ##############????? | | " # " # #?????????????????? | | "" ## " % # #?????????????????? | | "" " " #### """ / #?????????????????? | | "" "T" #??# """"" "" # #?????????????????? | | """ #??# """"" """"" # #?????????????????? | | #########??############# # #?????????????????? | | ???????????????????????### #?????????????????? | | ?????????????????????????# #?????????????????? | | ?????????????????????????# #?????????????????? | | ?????????????????????????# #?????????????????? | | ?????????????????????????# #?????????????????? | | ?????????????????????????# #?????????????????? | | ?????##+?????????????????# #?????????????????? | | ????? ???????????????# #?????????????????? | | ????? #??????????????# #?????????????????? | | ????# #??????????????# #?????????????????? | | ????# #??????????????# #?????????????????? | +----------------------------------------------------+ Best States ------------- Heat Dissipation 75 Coolant Potential 50 Energy Generation 17 Energy Capacity 415 Matter Stores 300 Matter Capacity 300 Sight Range 16 Terrain Scan Density 10 ECM Strength 1 Evasion (%) 42 Melee Accuracy 5 Core Analysis 6 Recoil Reduction 2 Offensive Hacking 10 Defensive Hacking 10 Item Schematics ----------------- ECM Suite | -8/Materials | Scanalyzed Robot Schematics ------------------ None Fabricated ------------ Nothing Alien Tech Used ----------------- None Achievements -------------- None Challenges ------------ None Game ------ Seed EtherialNetworkRifle Manual? 0 Play Time 00:51:42 Cumulative 58.4 hours Start 2021.10.30 @ 20:18:57 End 2021.10.30 @ 21:47:55 Sessions 1 Manual Loads 0 Difficulty Rogue Special Mode None Game No. 69 Rogue 69 Adventurer 0 Explorer 0 Win Type - Total 0 Types 0/0/0/0/0/0/0/0/0 Lore% 44 Gallery% 45 Achievement% 32 Wizard Run 0 Options --------- ASCII 0 Keyboard 1 Movement Numpad Keybinds 0 Fullscreen 2 Font 36/X11 Map View 76x50 Tactical HUD 1 Map Filters NONE Filters NONE Steam 1 RUN: 983fad4f-50a4-471e-9f6d-61a440b87724